 Dungeon Crawl Stone Soup version 0.22-a0-580-gd5db89c (webtiles) character file.

66 sking99 the Skirmisher (level 4, 37/37 HPs)
             Began as a Formicid Abyssal Knight on July 3, 2018.
             Was a Follower of Lugonu.
             Quit the game on level 2 of the Dungeon.
             The game lasted 00:03:14 (1540 turns).

sking99 the Skirmisher (Formicid Abyssal Knight)    Turns: 1540, Time: 00:03:15

Health: 37/37      AC:  3    Str: 17    XL:     4   Next: 37%
Magic:  6/6        EV: 11    Int: 12    God:    Lugonu [*.....]
Gold:   173        SH:  0    Dex: 10    Spells: 3/3 levels left

rFire    . . .     SeeInvis +   a - +1 hand axe
rCold    . . .     Gourm    .   (no shield)
rNeg     . . .     Faith    .   b - +0 leather armour
rPois    .         Spirit   .   (helmet unavailable)
rElec    .         Reflect  .   (no cloak)
rCorr    .         Harm     .   (no gloves)
MR       .....                  (no boots)
Stlth    +.........             (no amulet)
HPRegen  0.12/turn              (no ring)
MPRegen  0.10/turn              (no ring)

@: no status effects
A: permanent stasis, dig shafts and tunnels, four strong arms, antennae 3
a: Dig, Shaft Self, Depart the Abyss, Renounce Religion


You were on level 2 of the Dungeon.
You worshipped Lugonu.
Lugonu was aware of your devotion.
You were not hungry.

You visited 1 branch of the dungeon, and saw 2 of its levels.
You visited the Abyss 1 time.

You collected 173 gold pieces.

Inventory:

Hand Weapons
 a - a +1 hand axe (weapon)
Armour
 b - a +0 leather armour (worn)
Scrolls
 d - 3 scrolls of remove curse {unknown}
 e - a scroll of noise {unknown}
 h - a scroll of enchant armour {unknown}
 n - a scroll of identify {unknown}
Potions
 g - a potion of heal wounds {unknown}
 i - a potion of berserk rage {unknown}
 j - a potion of curing {unknown}
 k - a potion of haste {unknown}
 l - a potion of agility {unknown}
 m - a potion of invisibility {unknown}
Comestibles
 c - 5 rations


   Skills:
 + Level 4.0 Fighting
 * Level 3.2 Axes
 - Level 2.4 Armour
 - Level 0.9 Dodging
 + Level 2.9 Invocations


You had 3 spell levels left.
You didn't know any spells.
Your spell library was empty.

Dungeon Overview and Level Annotations

Branches:
Dungeon (2/15)

Altars:
Vehumet


Innate Abilities, Weirdness & Mutations

You cannot be hasted, slowed, berserked, paralysed or teleported.
You can dig through walls and to a lower floor.
Your four strong arms can wield two-handed weapons with a shield.
You have a pair of large antennae on your head. (SInv)


Message History

f - 7 chunks of flesh (gained 3)
Things that are here:
a dagger; a goblin skeleton
Things that are here:
a dagger; a goblin skeleton
n - a scroll labeled BISULE GINK You now have 138 gold pieces (gained 7).
Some of the chunks of flesh in your inventory have rotted away.
You now have 153 gold pieces (gained 15).
You now have 157 gold pieces (gained 4).
You enter the shallow water.
Moving in this stuff is going to be slow.
You now have 173 gold pieces (gained 16).
You enter the shallow water.
Moving in this stuff is going to be slow.
All of the chunks of flesh in your inventory have rotted away.
You enter the shallow water.
Moving in this stuff is going to be slow.
You sense a monster nearby.
Are you sure you want to abandon this character and quit the game? (Confirm with "yes".)

#### ####... #....##
{ #.##### #.# # #.#
# # ######.# #
#...#########......#
#
#......@......######
#...########### # {


There were no monsters in sight!

Vanquished Creatures
  2 adders (D:2)
  2 dart slugs
  5 bats
  8 hobgoblins
  8 jackals
  3 kobolds (D:1)
  A frilled lizard (D:1)
  6 goblins
  5 rats
40 creatures vanquished.

Notes
Turn   | Place    | Note
-------+----------+-------------------------------------------
     0 | Abyss:1  | sking99 the Formicid Abyssal Knight began the quest for the Orb.
     0 | Abyss:1  | Reached XP level 1. HP: 18/18 MP: 2/2
    23 | Abyss:1  | Noticed a chaos spawn
    23 | Abyss:1  | Noticed a small abomination
    24 | Abyss:1  | Noticed a stone giant zombie
    26 | D:1      | Escaped the Abyss
   100 | D:1      | Reached XP level 2. HP: 8/24 MP: 3/3
   125 | D:1      | Reached * piety under Lugonu
   618 | D:1      | Reached XP level 3. HP: 27/30 MP: 4/4
  1022 | D:2      | Found a faded altar of an unknown god.
  1043 | D:2      | Reached XP level 4. HP: 29/37 MP: 6/6
  1247 | D:2      | Found a radiant altar of Vehumet.
  1256 | D:2      | Reached skill level 4 in Fighting
  1540 | D:2      | Quit the game

Vault maps used:
D:1:      ncdulo_halloftheorcs, serial_glass, glass_columns_c, glass_columns_c
D:2:      vehumet_crystals, chequers_ecumenical_altar_island, tso_altar,
          uniq_jessica

Skill      XL: |  1  2  3  4 |
---------------+-------------+-----
Axes           | 3 |  3.2
Fighting       | 4 |  4.0
Armour         | |  2.4
Dodging        | |  0.9
Invocations    | |  2.9

Action                   |  1- 3 |  4- 6 || total
-------------------------+-------+-------++-------
Melee: Hand axe          |   106 |    18 ||   124
Invok: Depart the Abyss  |     1 |       ||     1
  Eat: Chunk             |       |     2 ||     2
Armor: Leather armour    |    38 |     5 ||    43
Dodge: Dodged            |    84 |     5 ||    89

Table legend:
 A = Spawn XP
 B = Non-spawn XP
 C = Spawn XP percentage of total XP
 D = Spawn monster count
 E = Non-spawn monster count
 F = Spawn count percentage of total count
 G = Total turns spent on level
                    A         B        C        D         E        F      G
               +---------+---------+-------+---------+---------+-------+---------
         Total |       0 |      95 |   0.0 |       0 |      40 |   0.0 |  1540
               +---------+---------+-------+---------+---------+-------+---------
           D:1 |       0 |      39 |   0.0 |       0 |      21 |   0.0 |   876
           D:2 |       0 |      56 |   0.0 |       0 |      19 |   0.0 |   638
               +---------+---------+-------+---------+---------+-------+---------
